 Dungeon Crawl Stone Soup version 0.32-a0-616-g9348d4545b (webtiles) character file.

Game seed: 15938932016002207895

394 dialectric the Shooter (level 6, -7/47 HPs)
             Began as a Coglin Hunter on Mar 5, 2024.
             Mangled by an iguana (12 damage)
             ... on level 5 of the Dungeon.
             The game lasted 00:03:31 (3033 turns).

dialectric the Shooter (Coglin Hunter)              Turns: 3033, Time: 00:03:31

Health: -7/47      AC:  5    Str: 12    XL:     6   Next: 82%
Magic:  6/6        EV: 13    Int:  8    God:
Gold:   53         SH:  0    Dex: 19    Spells: 5/5 levels left

rFire   . . .        a - +2 sling {Yuxuan}
rCold   + . .        d - +0 sling {Akal}
rNeg    . . .        n - +2 leather armour {rC+}
rPois   .            (no helmet)
rElec   .            (no cloak)
rCorr   .            (no gloves)
SInv    .            (no boots)
Will    .....        (amulet unavailable)
Stlth   ++           (ring unavailable)
HPRegen 0.27/turn    (ring unavailable)
MPRegen 0.10/turn    (no gizmo)

%: no passive effects
@: about to teleport, revving
A: off-hand wielding, slow wielding, warmup strikes, no jewellery
a: Invent Gizmo, Convert to Beogh


You were on level 5 of the Dungeon.
You visited 1 branch of the dungeon, and saw 5 of its levels.

You collected 160 gold pieces.
You spent 107 gold pieces at shops.

Inventory:

Hand Weapons
 a - a +2 sling (weapon) {Yuxuan}
 d - a +0 sling (offhand) {Akal}
Armour
 c - a +0 leather armour
 e - a +0 plate armour
 n - a +2 leather armour of cold resistance (worn)
Talismans
 i - a beast talisman
Scrolls
 b - a scroll of butterflies
 g - 2 scrolls of immolation
 h - 2 scrolls of teleportation
 j - a scroll of vulnerability {unknown}
 k - 2 scrolls of fear {unknown}
 m - a scroll of revelation {unknown}
 o - a scroll of torment {unknown}
 q - 2 scrolls of blinking {unknown}
Potions
 f - a potion of brilliance
 p - 3 potions of might


   Skills:
 + Level 3.4 Fighting
 * Level 4.9 Ranged Weapons
 + Level 3.6 Dodging
 - Level 3.1 Stealth


You had 5 spell levels left.
You didn't know any spells.
Your spell library was empty.

Dungeon Overview and Level Annotations

Branches:
Dungeon (5/15)
 Temple: D:4-7

Altars:
Ashenzari
Okawaru
Zin

Shops:
D:3 ?   D:4 ?

Annotations:
D:3 3 runed translucent doors, AutarchDCSS's ghost, amateur CoHs
D:4 Pikel


Innate Abilities, Weirdness & Mutations

You can wield a second weapon in your off-hand.
It takes a long time for you to wield or remove held weapons.
Your first few attacks do less damage.
You cannot equip rings or amulets.


Message History

You shoot a sling bullet.
The sling bullet closely misses the orc priest.
You shoot a sling bullet.
The sling bullet barely misses the orc priest.
The iguana bites you but does no damage.
The orc priest hits you with a +0 hand axe.
The orc wizard casts a spell at you.
You are confused.
You are too confused!
Unknown command.
Unknown command.
You are too confused!
Unknown command.
Okay, then.
The orc wizard points at you and mumbles some strange words.
The magic dart hits you. The iguana attacks as it pursues you!
The iguana bites you!
The orc priest shouts, "Surrender to Beogh and we'll let you live!" (press Y on the ability menu to convert to Beogh)
The orc priest attacks as it pursues you!
The orc priest barely misses you.
Unknown command.
You clumsily bash the orc priest but do no damage.
The orc priest is moderately wounded.
You clumsily bash the orc priest but do no damage.
The orc priest mumbles some strange prayers to Beogh against you.
Beogh smites you!
* * * LOW HITPOINT WARNING * * *
The iguana misses you.
You are too confused!
Unknown command.
You feel less confused. The orc priest closely misses you.
The orc wizard hits you but does no damage.
The iguana attacks as it pursues you! The iguana bites you!
* * * LOW HITPOINT WARNING * * *
The orc priest looks encouraged for a moment.
As you read the scroll of teleportation, it crumbles to dust.
You feel strangely unstable. The iguana bites you!
You die...

## ###
.##⌠###ß##
.........##
.........ß#
.........#
#.@.# ###
##ol.##
....#ß..oß#
....##...###
...........#
......##...#
...........#
..........##
.......)..#


You could see an iguana, an orc priest and an orc wizard.

Vanquished Creatures
  A black bear (D:4)
  A scorpion (D:4)
  2 hounds
  An orc priest (D:4)
  An iguana (D:3)
  5 adders
  A ribbon worm (D:2)
  6 orcs
  6 ball pythons
  9 endoplasms
  3 giant cockroaches
  12 goblins
  4 hobgoblins
  4 jackals (D:2)
  A quokka (D:3)
  5 bats
  8 frilled lizards
  5 kobolds
  7 rats
82 creatures vanquished.

Notes
Turn   | Place    | Note
-------+----------+-------------------------------------------
     0 | D:1      | dialectric the Coglin Hunter began the quest for the Orb.
     0 | D:1      | Reached XP level 1. HP: 16/16 MP: 1/1
    57 | D:1      | Reached skill level 1 in Stealth
    76 | D:1      | Found a faded altar of an unknown god.
   142 | D:1      | Reached XP level 2. HP: 22/22 MP: 2/2
   567 | D:2      | Reached XP level 3. HP: 26/27 MP: 3/3
   757 | D:2      | Reached skill level 4 in Ranged Weapons
  1293 | D:2      | Reached XP level 4. HP: 33/33 MP: 4/4
  1496 | D:3      | Found a runed translucent gate.
  1496 | D:3      | Found a runed translucent gate.
  1497 | D:3      | Found a runed translucent gate.
  1500 | D:3      | Noticed AutarchDCSS's ghost (amateur CoHs)
  1528 | D:3      | Found an iron altar of Okawaru.
  1566 | D:3      | Found Zejaz's Magic Scroll Boutique.
  1613 | D:3      | Reached XP level 5. HP: 13/39 MP: 5/5
  1782 | D:3      | Found a broken altar of Ashenzari.
  2062 | D:3      | Found a glowing silver altar of Zin.
  2131 | D:3      | Bought a scroll of teleportation for 39 gold pieces
  2131 | D:3      | Bought a scroll of identify for 26 gold pieces
  2478 | D:4      | Noticed a black bear
  2478 | D:4      | Found Pitaxet's Magic Scroll Shop.
  2485 | D:4      | Killed a black bear
  2486 | D:4      | Reached XP level 6. HP: 17/46 MP: 6/6
  2598 | D:4      | Bought a scroll of teleportation for 42 gold pieces
  2998 | D:4      | Noticed Pikel
  3016 | D:5      | Entered Level 5 of the Dungeon
  3033 | D:5      | Mangled by an iguana

Illustrated notes

Levels and vault maps discovered:
D:1:      tarquinn_simple_flora_water_a, layout_rooms,
          hellmonk_ecumenical_altar_blasted, minmay_close_crescents
D:2:      layout_basic, serial_co_window_serial, co_window_paths_a,
          co_window_paths_b, co_window_paths_b, co_window_paths_a,
          co_window_paths_a, co_window_of_opportunity_c, co_window_broadway_c,
          co_window_corner_ca, co_window_broadway_a, co_window_cross_2,
          co_window_broadway_a, co_window_unsneaky_path_c, co_window_paths_d,
          glass_columns_b
D:3:      layout_basic, ashenzari_altar_1, mainiacjoe_overflow_alcove_1,
          mainiacjoe_overflow_boulevard, gammafunk_ghost_split, serial_shops,
          nicolae_shop_waterfront, kennysheep_another_room,
          minmay_misc_feat_four_crosses, st_stairs_1
D:4:      layout_rooms, serial_shops, shop, uniq_pikel
D:5:      kennysheep_steamy, layout_layer_cave, kennysheep_mini,
          grunt_temple_overflow_open, corexii_hall_statues_s

Skill      XL: |  1  2  3  4  5  6 |
---------------+-------------------+-----
Stealth        | 1 2 3 |  3.1
Dodging        | 2 3 |  3.6
Ranged Weapons | 4 |  4.9
Fighting       | 3 |  3.4

Action                     |  1- 3 |  4- 6 || total
---------------------------+-------+-------++-------
  Melee: Sling             |       |     2 ||     2
   Fire: Sling             |   168 |   206 ||   374
    Use: Potion            |       |     1 ||     1
         Scroll            |       |     3 ||     3
 Armour: Leather armour    |    16 |    28 ||    44
         Skin              |       |     7 ||     7
  Dodge: Dodged            |    25 |    26 ||    51

Table legend: (Time is in decaauts)
 A = Elapsed time spent in this place.
 B = Non-inter-level travel time spent in this place.
 C = Inter-level travel time spent in this place.
 D = Time resting spent in this place.
 E = Time spent auto-exploring this place.
 F = Levels seen in this place.
 G = Mean time per level.
                   A        B        C        D        E       F      G
               +--------+--------+--------+--------+--------+-----+--------+
         Total |   3074 |   2976 |     98 |    227 |   2327 |   5 |  614.8 |
       Dungeon |   3074 |   2976 |     98 |    227 |   2327 |   5 |  614.8 |
               +--------+--------+--------+--------+--------+-----+--------+

Top non-repeatable levels by time:
     D:3: 994 daAuts
     D:2: 940 daAuts
     D:1: 572 daAuts
     D:4: 548 daAuts
     D:5: 18 daAuts
